 Dungeon Crawl Stone Soup version 0.17-a0-995-gb5fa8d7 (webtiles) character file.

62412 Raurakos the Black Belt (level 15, -2/80 HPs)
             Began as a Vine Stalker Monk on May 11, 2015.
             Was the Champion of Makhleb.
             Slain by a sun demon (19 damage)
             ... summoned by an orc sorcerer
             ... on level 4 of the Orcish Mines on May 12, 2015.
             The game lasted 01:57:09 (19353 turns).

Raurakos the Black Belt (Vine Stalker Monk)        Turns: 19353, Time: 01:57:09

Health: -2/80      AC: 10    Str: 18    XL:     15   Next: 6%
Magic:  0/22       EV: 21    Int: 10    God:    Makhleb [******]
Gold:   1990       SH:  0    Dex: 23    Spells: 4 memorised, 11 levels left

rFire  + . .     SeeInvis .       - Unarmed
rCold  . . .     Clarity  .     u - +0 troll leather armour
rNeg   . . .     SustAb   .     (no shield)
rPois  .         Gourm    .     v - +0 hat {MR+}
rElec  .         Spirit   +     (no cloak)
rCorr  .         Warding  .     (no gloves)
rMut   .         Stasis   .     d - +1 pair of boots
MR     ++...                    G - amulet of regeneration
Stlth  ++........               J - ring "Pexa" {AC+4 Str+4}
                                x - ring of protection from fire

@: heavily drained, very resistant to hostile enchantments, unstealthy
A: fangs 3, regeneration 3, magic shield, antimagic bite, no device heal 3, rot
immunity
a: Minor Destruction, Lesser Servant of Makhleb, Major Destruction, Greater
Servant of Makhleb, Renounce Religion


You were on level 4 of the Orcish Mines.
You worshipped Makhleb.
Makhleb was exalted by your worship.
You were hungry.

You visited 4 branches of the dungeon, and saw 24 of its levels.
You also visited: Ossuary and Ice Cave.

You collected 2250 gold pieces.
You spent 260 gold pieces at shops.

Inventory:

Missiles
 o - 5 throwing nets (quivered)
Armour
 d - a +1 pair of boots (worn)
 u - a +0 troll leather armour (worn)
 v - a +0 hat of magic resistance (worn)
Jewellery
 k - an uncursed ring of protection from cold
 x - a ring of protection from fire (left hand)
 G - an amulet of regeneration (around neck)
 J - the ring "Pexa" (right hand) {AC+4 Str+4}
   (You found it on level 5 of the Dungeon)

   [ring of protection]

   It affects your AC (+4).
   It affects your strength (+4).
Magical devices
 c - a wand of teleportation (4)
 E - a wand of paralysis (8)
 V - a wand of digging (16)
Scrolls
 a - 10 scrolls of teleportation
 e - a scroll of summoning
 h - 4 scrolls of fog
 i - 7 scrolls of remove curse
 n - 4 scrolls of fear
 r - 5 scrolls of recharging
 s - 5 scrolls of immolation
 w - 3 scrolls of magic mapping
 y - 3 scrolls of enchant weapon {unknown}
 C - 4 scrolls of blinking
 M - 2 scrolls of silence
Potions
 l - 2 potions of berserk rage
 p - 5 potions of might
 q - a potion of cancellation
 t - 6 potions of invisibility
 z - 13 potions of curing
 D - 3 potions of haste
 F - 2 potions of agility
Books
 A - a book of Unlife

   Spells                             Type                      Level
   a - Recall                         Summoning/Translocation      3
   b - Animate Dead                   Necromancy                   4
   c - Control Undead                 Necromancy                   4
   d - Cigotuvi's Embrace             Necromancy                   5
   e - Death Channel                  Necromancy                   6
   f - Simulacrum                     Ice/Necromancy               6
Miscellaneous
 B - a fan of gales
Comestibles
 b - 12 bread rations
 f - a beef jerky
 g - a slice of pizza
 j - a royal jelly


   Skills:
 - Level 10.0(8.5) Fighting
 - Level 5.1(3.9) Armour
 + Level 11.0(9.6) Dodging
 - Level 2.4(1.2) Stealth
 - Level 15.0(13.4) Unarmed Combat
 - Level 3.0(1.8) Spellcasting
 - Level 5.1(3.8) Charms
 - Level 4.0(2.7) Translocations
 - Level 5.0(3.7) Air Magic
 - Level 9.0(7.7) Invocations


You had 11 spell levels left.
You knew the following spells:

 Your Spells              Type           Power        Failure   Level  Hunger
a - Apportation           Tloc           #.........   14%         1    ##.....
b - Blink                 Tloc           N/A          21%         2    ###....
c - Control Teleport      Chrm/Tloc      #.........   90%         4    #####..
d - Swiftness             Chrm/Air       #.......     14%         2    ###....


Dungeon Overview and Level Annotations

Branches:
Dungeon (11/15)            Temple (1/1) D:7            Lair (8/8) D:9
 Shoals (0/4) Lair:6        Snake (0/4) Lair:5        Slime (0/6) Lair:6
    Orc (4/4) D:11
    Elf: Orc:3-4

Altars:
Ashenzari
Cheibriados
Dithmenos
Elyvilon
Fedhas
Gozag
Kikubaaqudgha
Makhleb
Nemelex Xobeh
Okawaru
Qazlal
Ru
Sif Muna
Trog
Vehumet
Xom
Yredelemnul
Zin
The Shining One
Jiyva

Shops:
D:5 *?((   Orc:2 }

Annotations:
Lair:6 1 runed door
Orc:2 Erolcha


Innate Abilities, Weirdness & Mutations

You have razor-sharp teeth.
You regenerate.
When hurt, damage is shared between your health and your magic reserves.
Your bite disrupts and absorbs the magic of your enemies.
Potions and wands cannot restore your health.
You are immune to rotting.


Message History

You hit the sun demon but do no damage.
You punch the sun demon, but do no damage.
You bite the sun demon! You drain its power.
The sun demon is severely wounded.
The orc wizard gestures wildly while chanting.
The orc wizard flickers and vanishes!
Deactivating autopickup; reactivate with Ctrl-A.
The orc sorcerer points at you and mumbles some strange words.
The bolt of negative energy hits the sun demon.
The sun demon completely resists.
The bolt of negative energy hits you!
You feel drained.
* * * LOW HITPOINT WARNING * * *
The sun demon completely misses you.
The orc sorcerer throws its arms wide while chanting.
The dead are walking!
An orc zombie comes into view.
You see here a club.
You are feeling hungry.
The sun demon hits you!!
You die... ##.).## #.....# .o⌠.. 3oo

#Z# #o# ##
##.####.#
#3###..##
#.@.#...#
##......# ...
##....## ....
##....# #....
####.)## ....#
##..#...###....#
#..............#
#.####.......##
## ###.....####.


You could see a sun demon.

Vanquished Creatures
  Harold (Orc:3)
  4 hydras
  The ghost of oplop the Spear-Bearer, an experienced MfCK of Xom (D:9)
  2 death yaks (Lair:8)
  A queen ant (Lair:5)
  A naga sharpshooter (Lair:5)
  2 hill giants (D:10)
  3 ice statues (IceCv)
  Pikel (D:9)
  An orc sorcerer (Orc:4)
  2 griffons
  11 spiny frogs
  A naga mage (Lair:5)
  17 elephants
  5 black mambas
  16 komodo dragons
  2 trolls
  3 fire drakes
  12 polar bears
  2 two-headed ogres
  A trapdoor spider zombie (D:10)
  18 blink frogs
  A raiju (Lair:8)
  A snapping turtle (Lair:6)
  2 wraiths
  A deep elf mage (D:10)
  24 wolves
  A hog (D:7)
  42 yaks
  7 hippogriffs
  A basilisk (Lair:8)
  A human (D:7)
  A wyvern (Lair:8)
  8 wargs
  11 water moccasins
  5 soldier ants (Lair:5)
  Duvessa (D:7)
  9 porcupines
  A wasp (Lair:6)
  20 ice beasts
  13 black bears
  14 orc warriors
  2 sky beasts
  4 hell hounds (Lair:8)
  An eye of draining (D:9)
  15 ogres
  2 centaurs
  12 crocodiles
  3 big kobolds
  Blork the orc (D:4)
  12 giant frogs
  A gnoll sergeant (D:9)
  Dowan (D:7)
  A scorpion (D:7)
  3 wights (D:10)
  A quasit (D:11)
  3 crimson imps
  2 electric eels
  3 centaur skeletons
  A giant frog zombie (D:10)
  16 hounds
  3 jellies
  Ijyb (D:3)
  12 orc priests
  Natasha (thrice) (D:3)
  9 iguanas
  23 sheep
  15 orc wizards
  29 worker ants
  A hell rat (D:9)
  A killer bee zombie (D:9)
  A hound zombie (D:10)
  A hound skeleton (D:6)
  A mummy (Ossuary)
  A worker ant zombie (D:7)
  21 gnolls
  76 river rats
  3 shadow imps
  12 adders
  2 oozes
  2 adder skeletons
  An adder zombie (D:9)
  8 worms
  5 giant geckos
  126 orcs
  A bat skeleton (D:5)
  2 bat zombies
  16 hobgoblins
  20 jackals
  2 quokkas
  15 bats
  5 giant cockroaches
  5 giant newts
  A giant spore (D:7)
  6 gnoll skeletons (Ossuary)
  21 goblins
  A jackal skeleton (D:5)
  25 kobolds
  10 kobold skeletons (Ossuary)
  9 orc skeletons (Ossuary)
  A quokka zombie (D:5)
  15 rats
  A rat zombie (D:5)
  2 ballistomycetes
  A fungus (Lair:8)
  2 plants (Lair:8)
873 creatures vanquished.

Vanquished Creatures (collateral kills)
  Rupert (Lair:6)
  2 elephants
  2 blink frogs (Lair:4)
  A ynoxinul (Lair:6)
  A water moccasin (Lair:3)
7 creatures vanquished.

Vanquished Creatures (others)
  An Executioner (Lair:6)
  A hellwing (Lair:8)
  A slave (D:9)
  A giant frog (D:9)
  A water moccasin zombie (D:9)
  A worker ant (D:9)
  An adder (D:9)
  2 ufetubi (Lair:4)
  2 giant spores
  13 fungi
  3 plants
27 creatures vanquished.

Grand Total: 907 creatures vanquished

Notes
Turn   | Place    | Note
--------------------------------------------------------------
     0 | D:1      | Raurakos the Vine Stalker Monk began the quest for the Orb.
     0 | D:1      | Reached XP level 1. HP: 11/11 MP: 2/2
   121 | D:1      | Reached XP level 2. HP: 16/16 MP: 3/3
   397 | D:1      | Reached XP level 3. HP: 19/19 MP: 4/4
   604 | D:2      | Reached skill level 5 in Unarmed Combat
   768 | D:2      | Found a radiant altar of Vehumet.
   923 | D:2      | Reached XP level 4. HP: 23/23 MP: 5/5
  1088 | D:2      | Upgraded the game from 0.17-a0-986-gf45d1aa to 0.17-a0-995-gb5fa8d7
  1207 | D:2      | Reached skill level 6 in Unarmed Combat
  1589 | D:3      | Noticed Natasha
  1596 | D:3      | Reached XP level 5. HP: 27/27 MP: 6/6
  1613 | D:3      | Killed Natasha
  1782 | D:3      | Noticed Ijyb
  1833 | D:3      | Killed Ijyb
  1900 | D:3      | Reached skill level 7 in Unarmed Combat
  2033 | D:3      | Gained mutation: You heal very quickly. [Vine Stalker growth]
  2033 | D:3      | Reached XP level 6. HP: 26/32 MP: 7/7
  2179 | D:3      | Noticed Natasha
  2183 | D:3      | Killed Natasha
  2255 | D:3      | Noticed Natasha
  2262 | D:3      | Killed Natasha
  2498 | D:4      | Noticed Blork the orc
  2510 | D:4      | You fall through a shaft for 3 floors!
  2572 | D:7      | Noticed Dowan
  2580 | D:7      | Noticed Duvessa
  2608 | D:7      | Killed Duvessa
  2614 | D:7      | Killed Dowan
  2614 | D:7      | Reached skill level 8 in Unarmed Combat
  2614 | D:7      | Reached XP level 7. HP: 35/35 MP: 8/8
  2709 | D:7      | Found a sacrificial altar of Ru.
  2959 | D:7      | Got a ripped robe
  2970 | D:7      | Identified the +1 robe of Subjectivity {Dex+4} (You found it on level 7 of the Dungeon)
  3030 | D:7      | Noticed a human
  3030 | D:7      | Noticed a yak
  3050 | D:7      | Found a staircase to the Ecumenical Temple.
  3067 | Temple   | Entered the Ecumenical Temple
  3391 | D:5      | Entered Level 5 of the Dungeon
  3416 | D:5      | Found a sand-covered staircase.
  3436 | Ossuary  | Entered an ossuary
  3436 | Ossuary  | Noticed a wraith
  3436 | Ossuary  | Noticed a wraith
  3436 | Ossuary  | Noticed a wraith
  3606 | Ossuary  | Noticed a wraith
  3615 | Ossuary  | Killed a wraith
  3615 | Ossuary  | Reached skill level 9 in Unarmed Combat
  3752 | D:5      | Found Joudgh's Magic Scroll Shoppe.
  3775 | D:5      | Got a smoking copper ring
  3777 | D:5      | Identified the ring "Pexa" {AC+4 Str+4} (You found it on level 5 of the Dungeon)
  3782 | D:5      | Found Ciaz's General Store.
  3785 | D:5      | Bought a scroll of blinking for 82 gold pieces
  3785 | D:5      | Bought a scroll of teleportation for 33 gold pieces
  3785 | D:5      | Bought a scroll of remove curse for 33 gold pieces
  3890 | D:5      | Gained mutation: You have razor-sharp teeth. [Vine Stalker growth]
  3890 | D:5      | Reached XP level 8. HP: 39/39 MP: 9/9
  4098 | D:4      | Reached skill level 10 in Unarmed Combat
  4261 | D:4      | Killed Blork the orc
  4355 | D:4      | Found a burning altar of Makhleb.
  4363 | D:4      | Became a worshipper of Makhleb the Destroyer
  4363 | D:4      | Acquired Makhleb's first power
  4363 | D:4      | Acquired Makhleb's second power
  4524 | D:5      | Found Fantaque's Antique Weapon Boutique.
  4549 | D:5      | Bought a scroll of magic mapping for 52 gold pieces
  4549 | D:5      | Bought a scroll of identify for 30 gold pieces
  4549 | D:5      | Bought a scroll of identify for 30 gold pieces
  4658 | D:5      | Found Unotig's Antique Weapon Shoppe.
  4813 | D:5      | Found a shimmering altar of Xom.
  5069 | D:5      | Reached skill level 1 in Invocations
  5359 | D:6      | Found an iron altar of Okawaru.
  5360 | D:6      | Found an ancient bone altar of Kikubaaqudgha.
  5495 | D:7      | Noticed a hog
  5506 | D:7      | Killed a human
  5511 | D:7      | Killed a yak
  5511 | D:7      | Reached XP level 9. HP: 43/43 MP: 12/12
  5526 | D:7      | Killed a hog
  5526 | D:7      | Reached skill level 5 in Dodging
  5784 | D:7      | Acquired Makhleb's third power
  6206 | D:8      | Learned a level 1 spell: Apportation
  6209 | D:8      | Learned a level 2 spell: Blink
  6216 | D:8      | Found a blossoming altar of Fedhas.
  6880 | D:8      | Acquired Makhleb's fourth power
  6895 | D:9      | Noticed Pikel
  6903 | D:9      | Killed Pikel
  6903 | D:9      | Reached XP level 10. HP: 37/47 MP: 9/14
  6963 | D:9      | Found a staircase to the Lair.
  7044 | Lair:1   | Entered Level 1 of the Lair of Beasts
  7805 | Lair:1   | Reached skill level 10 in Dodging
  8095 | Lair:2   | Reached skill level 5 in Invocations
  8122 | Lair:2   | Noticed a griffon
  8134 | Lair:2   | Killed a griffon
  8237 | Lair:2   | Acquired Makhleb's fifth power
  8237 | Lair:2   | Reached XP level 11. HP: 51/51 MP: 17/17
  9521 | Lair:3   | Reached skill level 5 in Fighting
  9994 | Lair:3   | Gained mutation: You regenerate. [Vine Stalker growth]
  9994 | Lair:3   | Reached XP level 12. HP: 62/64 MP: 19/19
 10001 | Lair:3   | Learned a level 4 spell: Control Teleport
 10004 | Lair:3   | Learned a level 2 spell: Swiftness
 10212 | Lair:4   | Reached skill level 1 in Charms
 10812 | Lair:4   | Reached skill level 1 in Armour
 11010 | Lair:5   | Found a frozen archway.
 11015 | IceCv    | Entered an ice cave
 11360 | Lair:5   | Reached skill level 5 in Armour
 11415 | Lair:5   | Reached skill level 1 in Air Magic
 11534 | Lair:5   | Noticed a four-headed hydra
 11549 | Lair:5   | Killed a four-headed hydra
 12003 | Lair:5   | Reached skill level 5 in Charms
 12019 | Lair:5   | Found a staircase to the Snake Pit.
 12024 | Lair:5   | Reached XP level 13. HP: 70/70 MP: 20/20
 12112 | Lair:5   | Noticed a queen ant
 12119 | Lair:5   | Reached skill level 1 in Spellcasting
 12138 | Lair:5   | Killed a queen ant
 12138 | Lair:5   | Reached skill level 5 in Air Magic
 12186 | Lair:5   | Reached skill level 1 in Translocations
 12359 | Lair:6   | Identified a scroll of acquirement
 12363 | Lair:6   | Got a pair of translucent gloves
 12376 | Lair:5   | Identified the -4 pair of gloves "Ketwos" {SInv} (You acquired it on level 6 of the Lair of Beasts)
 12643 | Lair:6   | Noticed Rupert
 12729 | Lair:6   | Found a staircase to the Shoals.
 12834 | Lair:6   | Killed Rupert
 13136 | Lair:6   | Found a runed door.
 13136 | Lair:6   | Found a viscous altar of Jiyva.
 13137 | Lair:6   | Found a staircase to the Slime Pits.
 13440 | Lair:6   | Reached skill level 11 in Unarmed Combat
 14019 | Lair:7   | Reached skill level 12 in Unarmed Combat
 14449 | Lair:8   | Entered Level 8 of the Lair of Beasts
 14569 | Lair:8   | Reached XP level 14. HP: 75/75 MP: 21/21
 14669 | Lair:8   | Reached skill level 13 in Unarmed Combat
 15157 | Lair:8   | Reached skill level 14 in Unarmed Combat
 15684 | Lair:8   | Reached skill level 15 in Unarmed Combat
 15711 | Lair:8   | Got a shimmering sapphire amulet
 15713 | Lair:8   | Identified the amulet of Kuqysati {Spirit Dex+2} (You found it on level 8 of the Lair of Beasts)
 16221 | D:9      | Noticed oplop's ghost (experienced MfCK)
 16238 | D:9      | Paralysed by oplop's ghost for 5 turns
 16258 | D:9      | Killed oplop's ghost
 16692 | D:10     | Entered Level 10 of the Dungeon
 16841 | D:10     | Reached skill level 10 in Fighting
 17688 | D:11     | Found a staircase to the Orcish Mines.
 17715 | Orc:1    | Entered Level 1 of the Orcish Mines
 18326 | Orc:2    | Found Essoim Ysip's Quality Used Wands.
 18837 | Orc:2    | Noticed Harold
 18837 | Orc:2    | Noticed Erolcha
 18844 | Orc:3    | Killed Harold
 18868 | Orc:4    | Entered Level 4 of the Orcish Mines
 19050 | Orc:4    | Reached XP level 15. HP: 80/80 MP: 22/22
 19353 | Orc:4    | Slain by a sun demon

Vault maps used:
D:1:      mrwooster_arrival_statue_3, minmay_surrounded
D:2:      vehumet_crystals, first_bread
D:3:      uniq_natasha, uniq_iyjb
D:4:      bloody_makhleb, uniq_blork_the_orc
D:5:      lemuel_round_altar, enter_ossuary_4, serial_shops, kennysheep_mini,
          nicolae_shop_trees, shop, nicolae_shop_temple_entry_statues_fountains
D:6:      gammafunk_temple_overflow_pools, st_stairs_11
D:7:      nicolae_ru_the_path_less_chosen, minmay_temple_entry_large_hall,
          grunt_livestock, minmay_misc_feat_more_columns, uniq_duvessa
D:8:      fedhas_altar_3
D:9:      dpeg_lair_monsters, mrwooster_statue_mirror, uniq_pikel
D:11:     orc_0_dummy, hangedman_corner_corridor
Temple:   circular_temple_12
Lair:2:   statuecave_lemuel
Lair:3:   mu_elephants_graveyard, minivault_11
Lair:4:   grunt_forest_small_clearing_treed
Lair:5:   gammafunk_lair_bear_cave, minmay_snake_entry_spellcaster,
          portal_ice_cave_entry_pillars_01, zaba_antful_of_joy
Lair:6:   minmay_shoals_entry_hut, slime_altar_2, infiniplex_staircase_pool,
          grunt_megastairs_4, serial_bayou_shore_a, uniq_rupert
Lair:7:   beast_lair_carwin_6, grunt_megastairs_2
Lair:8:   hangedman_lair_caniforms_friends, hangedman_lair_in_review
Orc:2:    nicolae_for_you_no_charge, uniq_harold, uniq_erolcha, uniq_sonja
Orc:3:    basic_altar, nicolae_orc_pool_cavern
Orc:4:    pubby_orc_utopia, serial_shops
Ossuary:  ossuary_due_mausoleum
IceCv:    ice_cave_statue_garden_02

Action                   |  1- 3 |  4- 6 |  7- 9 | 10-12 | 13-15 || total
-------------------------+-------+-------+-------+-------+-------++-------
Melee: Unarmed           |    80 |   195 |   367 |   705 |  1404 ||  2751
Throw: Stone             |     9 |       |    13 |       |       ||    22
 Cast: Blink             |       |       |       |       |     1 ||     1
Invok: Minor Destruction |       |       |    18 |   179 |    43 ||   240
       Lesser Servant of |       |       |       |     3 |     2 ||     5
       Greater Servant o |       |       |       |       |     2 ||     2
       Major Destruction |       |       |       |       |     1 ||     1
  Use: Scroll            |       |     5 |     6 |     5 |    18 ||    34
       Potion            |       |     1 |     1 |       |     1 ||     3
 Stab: Sleeping          |     6 |     7 |     1 |     6 |     7 ||    27
       Invisible         |       |     1 |       |       |       ||     1
       Distracted        |       |       |     2 |     6 |     4 ||    12
       Fleeing           |       |       |       |     1 |       ||     1
  Eat: Chunk             |       |     5 |    15 |    22 |    28 ||    70
       Beef jerky        |       |       |       |     2 |       ||     2
       Royal jelly       |       |       |       |       |     1 ||     1
